 Dungeon Crawl Stone Soup version 0.28.0-49-g6dfe1f597d (webtiles) character file.

Game seed: 7508667832176183108

9 Gabide the Sneak (level 2, -4/25 HPs)
             Began as a Barachi Delver on May 18, 2022.
             Slain by a phantom (6 damage)
             ... on level 4 of the Dungeon.
             The game lasted 00:03:47 (632 turns).

Gabide the Sneak (Barachi Delver)                    Turns: 632, Time: 00:03:48

Health: -4/25      AC:  4    Str: 13    XL:     2   Next: 16%
Magic:  2/2        EV: 12    Int: 10    God:
Gold:   21         SH:  0    Dex: 13    Spells: 1/1 levels left

rFire   . . .      SeeInvis .   a - +0 falchion
rCold   . . .      Faith    .   (no shield)
rNeg    . . .      Spirit   .   b - +1 leather armour
rPois   .          Reflect  .   (no helmet)
rElec   .          Harm     .   (no cloak)
rCorr   .          Rampage  .   (no gloves)
Will    .....                   (no boots)
Stlth   ++........              (no amulet)
HPRegen 0.08/turn               (no ring)
MPRegen 0.08/turn               (no ring)

@: brilliant, unable to hop, slow
A: amphibious, slowness 1, strong legs 1, +LOS
a: Hop


You were on level 4 of the Dungeon.
You visited 1 branch of the dungeon, and saw 3 of its levels.

You collected 21 gold pieces.

Inventory:

Hand Weapons
 a - a +0 falchion (weapon)
Missiles
 i - 5 atropa-tipped darts
Armour
 b - a +1 leather armour (worn)
 f - a +0 chain mail
Wands
 g - a wand of digging (3)
Scrolls
 c - a scroll of fog
 d - a scroll of identify
 e - a scroll of fear
 h - a scroll of immolation


   Skills:
 + Level 3.9 Fighting
 + Level 2.8 Long Blades
 + Level 2.5 Dodging
 - Level 4.5 Stealth


You had one spell level left.
You didn't know any spells.
Your spell library was empty.

Dungeon Overview and Level Annotations

Branches:
Dungeon (5/15)
 Temple: D:4-7

Altars:

Annotations:
D:5 exclusions: hound and jelly


Innate Abilities, Weirdness & Mutations

You are amphibious.
You cover ground slowly.
You can hop short distances.
You have an extended range of vision and can be seen from far away.


Message History

You can't see any enemies this would affect, really read the scroll of fear? [Y]es or [N]o only, please.
You can't see any enemies this would affect, really read the scroll of fear?
Okay, then.
There is an open door here.
There is a stone staircase leading down here.
The phantom hits you but does no damage.
You climb downwards.
Level annotation: exclusions: hound and jelly
There is a stone staircase leading up here.
The phantom closely misses you. The phantom hits you.
You miss the phantom. The phantom hits you.
* * * LOW HITPOINT WARNING * * *
The phantom blinks!
You blink.
The phantom closely misses you.
Okay, then.
You barely miss the phantom.
The phantom hits you but does no damage.
You barely miss the phantom.
The phantom hits you but does no damage.
You hit the phantom.
The phantom is lightly damaged.
The phantom hits you but does no damage.
You hit the phantom but do no damage.
The phantom is lightly damaged.
The phantom misses you.
You hit the phantom.
The phantom is lightly damaged.
The phantom hits you.
* * * LOW HITPOINT WARNING * * *
The phantom blinks!
You blink.
The phantom closely misses you.
The phantom hits you but does no damage.
You climb upwards.
You hear the sound of rushing water.
There is an entrance to a sewer on this level.
Hurry and find it before the portal rusts away!
There is a stone staircase leading down here.
The phantom hits you but does no damage.
You hear the brisk rusting of a very distant drain.
The phantom hits you.
You die...

.....#....#.................#....
.....#....#.................#....
.....#....#..........)......'....
.....#....'.................#....
)....#....#.................#....
.##.##...###...####...#####+#....
######...###...####+###........#+
.......(.#.>.....'....#....<...#
.........#.....W@#....#........+
.........#.......#....#........#
.##+##...###...####.###........#
.# #...##########'#.......####
..S.......#.........#.......#
..........#.........#.......+
..........#.........#.......#
..........#.........#.......#
+##################.#


You could see a phantom.

Vanquished Creatures
  2 orcs (D:4)
  2 endoplasms (D:4)
  3 kobolds (D:4)
7 creatures vanquished.

Notes
Turn   | Place    | Note
-------+----------+-------------------------------------------
     0 | D:5      | Gabide the Barachi Delver began the quest for the Orb.
     0 | D:5      | Reached XP level 1. HP: 18/18 MP: 1/1
    18 | D:5      | Noticed a hound
    18 | D:5      | Noticed a jelly
    35 | D:5      | Noticed an iguana
   153 | D:5      | Noticed a jelly
   153 | D:5      | Noticed a phantom
   156 | D:5      | Noticed a kobold brigand
   451 | D:4      | Reached XP level 2. HP: 18/25 MP: 2/2
   586 | D:4      | Noticed a phantom
   632 | D:4      | Slain by a phantom

Illustrated notes

Levels and vault maps discovered:
D:3:      layout_loops_corners, nrook_uturn, chequers_mini_garden,
          nicolae_figureground_sparkle, uniq_crazy_yiuf_cottage, uniq_ijyb,
          uniq_natasha
D:4:      layout_gridville, portal_sewer_entry_b, uniq_robin
D:5:      layout_basic, serial_shops, nicolae_take_the_stairs,
          minmay_splitting_lines

Action                   || total
-------------------------++-------
Melee: Falchion          ||    25
 Abil: Hop               ||     2
  Use: Scroll            ||     3
       Potion            ||     2
Armor: Leather armour    ||    14
Dodge: Dodged            ||    16
